Workbook
Name ADMINISTRACION: [1]PRESUPUESTO!$D$2037
Name APROBO: [1]PRESUPUESTO!$D$2036
Name FID: [1]PRESUPUESTO!$D$2040
Name IMPREVISTOS: [1]PRESUPUESTO!$D$2038
Name REALIZO: [1]PRESUPUESTO!$D$2035
Name UTILIDAD: [1]PRESUPUESTO!$D$2039

Sheet PRESUPUESTO GEN
B3: FORMATO | K3: VERSIÓN: 2
K4: CÓDIGO: E-DE-FP-F-065
B5: PRESUPUESTO PROYECTOS SGR | K5: FECHA: 07/jun/2026
B7: NOMBRE DEL PROYECTO: | E7: MEJORAMIENTO DE VÍAS URBANAS MEDIANTE LA CONSTRUCCIÓN DE PAVIMENTO EN EL MUNICIPIO DE BETEITIVA, BOYACÁ | K7: AÑO BASE DE LOS PRECIOS | L7: 2026
K8: 1er AÑO DE LOS RECURSOS | L8: 2026
B10: ITEM | C10: ITEM GOBER | D10: DESCRIPCIÓN | E10: FUENTE | F10: UNIDAD | G10: CANT | H10: DIST (%) | I10: COSTO DITECTO VR UNITARIO | J10: VALOR UNITARIO (INCLUYE FACTOR DE INCREMENTO Y AIU) | K10: VR TOTAL (COSTO DIRECTO) | L10: VR TOTAL (INCLUYE INCREMENTO POR DISTANCIA Y AIU) | M10: %
B11: 1 | C11: CAP. 1: CONSTRUIR REDES DE ALCANTARILLADO Y ACUEDUCTO | I11: TIPO: | K11: OBRA PÚBLICA
B13: REDES DE ACUEDUCTO
B14: 1.1 | C14: 2.01.64 | D14: LOCALIZACIÓN Y REPLANTEO DE REDES | E14: Precios Gob | F14: ML | G14: ='Memorias '!L31 -> 84.13 | H14: ='APUS GENERAL'!I46 -> 0 | I14: ='APUS GENERAL'!I47 -> 4768.58 | J14: ='APUS GENERAL'!I54 -> 6199.16 | K14: =ROUND((G14*I14)*(1+H14),2) -> 401180.64 | L14: =+ROUND(K14*(1+SUM($E$72:$E$74)),2)+143.82 -> 521678.65 | M14: =IF($K$17>0,$M$17*K14/$K$17," ") | P14: =J14-I14 -> 1430.58 | Q14: =P14*G14 -> 120354.7 | R14: =L14-K14 -> 120498.01 | S14: =I14*G14 -> 401180.64 | T14: =J14/I14 -> 1.3000013
B15: 1.2 | C15: 2.01.69 | D15: DEMOLICIÓN DE PLACA DE PISO EN CONCRETO DE E = 10 CM. (INCLUYE RETIRO Y ACARREO LIBRE HASTA 5 KM.) | E15: Precios Gob | F15: M2 | G15: ='Memorias '!L69 -> 408.93 | H15: ='APUS GENERAL'!I109 -> 0 | I15: ='APUS GENERAL'!I107 -> 29269.82 | J15: ='APUS GENERAL'!I117 -> 38050.76 | K15: =ROUND((G15*I15)*(1+H15),2) -> 11969307 | L15: =+ROUND(K15*(1+SUM($E$72:$E$74)),2) -> 15560100 | M15: =IF($K$17>0,$M$17*K15/$K$17," ") | P15: =J15-I15 -> 8780.94 | Q15: =P15*G15 -> 3590789.8 | R15: =L15-K15 -> 3590792.2 | S15: =I15*G15 -> 11969307 | T15: =J15/I15 -> 1.2999998
B16: 1.3 | C16: 3.13.16 | D16: DEMOLICIÓN OBRAS EN CONCRETO SIMPLE, INCLUYE RETIRO DE SOBRANTES (ACARREO libre 5 Km.) | E16: Precios Gob | F16: M3 | G16: ='Memorias '!L107 -> 13.44 | H16: ='APUS GENERAL'!H169 -> 0 | I16: ='APUS GENERAL'!I167 -> 22575.46 | J16: ='APUS GENERAL'!I177 -> 29348.09 | K16: =ROUND((G16*I16)*(1+H16),2) -> 303414.18 | L16: =+ROUND(K16*(1+SUM($E$72:$E$74)),2) -> 394438.43 | M16: =IF($K$17>0,$M$17*K16/$K$17," ") | P16: =J16-I16 -> 6772.63 | Q16: =P16*G16 -> 91024.147 | R16: =L16-K16 -> 91024.25 | S16: =I16*G16 -> 303414.18 | T16: =J16/I16 -> 1.2999996
B17: 1.4 | C17: 2.01.67 | D17: RETIRO DE TUBERÍA EXISTENTE HASTA 12" | E17: Precios Gob | F17: ML | G17: ='Memorias '!L145 -> 84.13 | H17: ='APUS GENERAL'!H229 -> 0 | I17: ='APUS GENERAL'!I227 -> 7728.53 | J17: ='APUS GENERAL'!I237 -> 10047.1 | K17: =ROUND((G17*I17)*(1+H17),2) -> 650201.23 | L17: =+ROUND(K17*(1+SUM($E$72:$E$74)),2) -> 845261.6 | M17: =IF($K$17>0,$M$17*K17/$K$17," ") | P17: =J17-I17 -> 2318.57 | Q17: =P17*G17 -> 195061.29 | R17: =L17-K17 -> 195060.37 | S17: =I17*G17 -> 650201.23 | T17: =J17/I17 -> 1.3000014
B18: 1.5 | C18: 3.03.11 | D18: EXCAVACIÓNES MECANICAS Y CORTES EN MATERIAL COMÚN (INCLUYE ACARREO LIBRE HASTA 5 KM.) | E18: Precios Gob | F18: M3 | G18: ='Memorias '!L183 -> 212.59 | H18: ='APUS GENERAL'!H282 -> 0 | I18: ='APUS GENERAL'!I287 -> 26955.15 | J18: ='APUS GENERAL'!I297 -> 35041.69 | K18: =ROUND((G18*I18)*(1+H18),2) -> 5730395.3 | L18: =+ROUND(K18*(1+SUM($E$72:$E$74)),2) -> 7449513.9 | M18: =IF($K$17>0,$M$17*K18/$K$17," ") | P18: =J18-I18 -> 8086.54 | Q18: =P18*G18 -> 1719117.5 | R18: =L18-K18 -> 1719118.6 | S18: =I18*G18 -> 5730395.3 | T18: =J18/I18 -> 1.2999998
B19: 1.6 | C19: 2.02.02 | D19: CAJAS DE INSPECCIÓN EN LADRILLO DE 0.60 X 0.60 x 0.60 M. (NO INCLUYE TAPA). | E19: Precios Gob | F19: UND | G19: ='Memorias '!L221 -> 8 | H19: ='APUS GENERAL'!H347 -> 0.05 | I19: ='APUS GENERAL'!I345 -> 425227.22 | J19: ='APUS GENERAL'!I355 -> 580435.16 | K19: =ROUND((G19*I19)*(1+H19),2) -> 3571908.6 | L19: =+ROUND(K19*(1+SUM($E$72:$E$74)),2) -> 4643481.2 | M19: =IF($K$17>0,$M$17*K19/$K$17," ") | P19: =J19-I19 -> 155207.94 | Q19: =P19*G19 -> 1241663.5 | R19: =L19-K19 -> 1071572.6 | S19: =I19*G19 -> 3401817.8 | T19: =J19/I19 -> 1.365
B20: 1.7 | C20: 5.03.03 | D20: CONCRETO SIMPLE DE 21 MPa - (3000 PSI) IMPERMEABILIZADO PARA TAPAS | E20: Precios Gob | F20: M3 | G20: ='Memorias '!L259 -> 2.05 | H20: ='APUS GENERAL'!H412 -> 0.05 | I20: ='APUS GENERAL'!I410 -> 1013578.8 | J20: ='APUS GENERAL'!I420 -> 1383535.1 | K20: =ROUND((G20*I20)*(1+H20),2) -> 2181728.5 | L20: =+ROUND(K20*(1+SUM($E$72:$E$74)),2) -> 2836247 | M20: =IF($K$17>0,$M$17*K20/$K$17," ") | P20: =J20-I20 -> 369956.27 | Q20: =P20*G20 -> 758410.35 | R20: =L20-K20 -> 654518.54 | S20: =I20*G20 -> 2077836.6 | T20: =J20/I20 -> 1.365
B21: 1.8 | C21: 5.01.01 | D21: SUMINISTRO E INSTALACIÓN DE ARO - TAPA EN HF - TIPO LIVIANO | E21: Precios Gob | F21: UND | G21: 11 | H21: ='APUS GENERAL'!H468 -> 0.05 | I21: ='APUS GENERAL'!I466 -> 459040.35 | J21: ='APUS GENERAL'!I476 -> 626590.08 | K21: =ROUND((G21*I21)*(1+H21),2) -> 5301916 | L21: =+ROUND(K21*(1+SUM($E$72:$E$74)),2) -> 6892490.8 | M21: =IF($K$17>0,$M$17*K21/$K$17," ") | P21: =J21-I21 -> 167549.73 | Q21: =P21*G21 -> 1843047 | R21: =L21-K21 -> 1590574.8 | S21: =I21*G21 -> 5049443.8 | T21: =J21/I21 -> 1.365
B22: 1.9 | C22: 5.01.07 | D22: POZO DE INSPECCIÓN, DIAMETRO INTERIOR 1.2 M. (1.00 M. < H < 1.50 M.). (NO INCLUYE ARO Y TAPA). | E22: Precios Gob | F22: UND | G22: =5+6 -> 11 | H22: ='APUS GENERAL'!H531 -> 0.05 | I22: ='APUS GENERAL'!I529 -> 1622064.7 | J22: ='APUS GENERAL'!I539 -> 2214118.3 | K22: =ROUND((G22*I22)*(1+H22),2) -> 18734847 | L22: =+ROUND(K22*(1+SUM($E$72:$E$74)),2) -> 24355301 | M22: =IF($K$17>0,$M$17*K22/$K$17," ") | P22: =J22-I22 -> 592053.61 | Q22: =P22*G22 -> 6512589.7 | R22: =L22-K22 -> 5620454.1 | S22: =I22*G22 -> 17842711 | T22: =J22/I22 -> 1.365
B23: 1.1 | C23: 5.01.26 | D23: SUMINISTRO E INSTALACIÓN TUBERÍA DE ALCANTARILLADO PVC D=8" | E23: Precios Gob | F23: ML | G23: 73 | H23: ='APUS GENERAL'!H594 -> 0.05 | I23: ='APUS GENERAL'!I592 -> 101192.8 | J23: ='APUS GENERAL'!I602 -> 138128.17 | K23: =ROUND((G23*I23)*(1+H23),2) -> 7756428.1 | L23: =+ROUND(K23*(1+SUM($E$72:$E$74)),2) -> 10083357 | M23: =IF($K$17>0,$M$17*K23/$K$17," ") | P23: =J23-I23 -> 36935.37 | Q23: =P23*G23 -> 2696282 | R23: =L23-K23 -> 2326928.4 | S23: =I23*G23 -> 7387074.4 | T23: =J23/I23 -> 1.365
B24: 1.11 | C24: 5.02.05 | D24: CONEXIÓN DOMICILIARIA PARA ALCANTARILLADO DE 250 MM. X 160 MM. (INCLUYE TUBERÍA Y ACCESORIOS DE CONEXIÓN). | E24: Precios Gob | F24: UND | G24: 8 | H24: ='APUS GENERAL'!H660 -> 0.05 | I24: ='APUS GENERAL'!I658 -> 599292.9 | J24: ='APUS GENERAL'!I668 -> 818034.82 | K24: =ROUND((G24*I24)*(1+H24),2) -> 5034060.4 | L24: =+ROUND(K24*(1+SUM($E$72:$E$74)),2) -> 6544278.5 | M24: =IF($K$17>0,$M$17*K24/$K$17," ") | P24: =J24-I24 -> 218741.92 | Q24: =P24*G24 -> 1749935.4 | R24: =L24-K24 -> 1510218.1 | S24: =I24*G24 -> 4794343.2 | T24: =J24/I24 -> 1.365
B25: 1.12 | C25: 3.03.15 | D25: RELLENO CON MATERIAL DE AFIRMADO COMPACTADO RANA Y/O VIBROCOMPACTADOR. (INCLUYE ACARREO LIBRE HASTA 5 KM. | E25: Precios Gob | F25: M3 | G25: ='Memorias '!L449 -> 80.3 | H25: ='APUS GENERAL'!H730 -> 0 | I25: ='APUS GENERAL'!I728 -> 119997.54 | J25: ='APUS GENERAL'!I738 -> 155996.81 | K25: =ROUND((G25*I25)*(1+H25),2) -> 9635802.5 | L25: =+ROUND(K25*(1+SUM($E$72:$E$74)),2) -> 12526543 | M25: =IF($K$17>0,$M$17*K25/$K$17," ") | P25: =J25-I25 -> 35999.27 | Q25: =P25*G25 -> 2890741.4 | R25: =L25-K25 -> 2890740.7 | S25: =I25*G25 -> 9635802.5 | T25: =J25/I25 -> 1.3000001
B26: 1.13 | C26: 5.02.14 | D26: SUMIDERO LATERAL EN LADRILLO. DIMENSIONES INTERNAS 0.40 X 0.80 M. H = 1.10 M. (INCLUYE REJILLA PLÁSTICA TRÁFICO PESADO). | E26: Precios Gob | F26: UND | G26: ='Memorias '!L487 -> 8 | H26: ='APUS GENERAL'!H845 -> 0.05 | I26: ='APUS GENERAL'!I843 -> 1732259.5 | J26: ='APUS GENERAL'!I853 -> 2364534.2 | K26: =ROUND((G26*I26)*(1+H26),2) -> 14550980 | L26: =+ROUND(K26*(1+SUM($E$72:$E$74)),2) -> 18916274 | M26: =IF($K$17>0,$M$17*K26/$K$17," ") | P26: =J26-I26 -> 632274.72 | Q26: =P26*G26 -> 5058197.8 | R26: =L26-K26 -> 4365293.9 | S26: =I26*G26 -> 13858076 | T26: =J26/I26 -> 1.365
B27: 1.14 | C27: 5.01.28 | D27: SUMINISTRO E INSTALACIÓN TUBERÍA DE ALCANTARILLADO PVC D=12" | E27: Precios Gob | F27: ML | G27: ='Memorias '!L525 -> 81.9 | H27: ='APUS GENERAL'!H907 -> 0.05 | I27: ='APUS GENERAL'!I905 -> 212563.05 | J27: ='APUS GENERAL'!I915 -> 290148.56 | K27: =ROUND((G27*I27)*(1+H27),2) -> 18279359 | L27: =+ROUND(K27*(1+SUM($E$72:$E$74)),2) -> 23763167 | M27: =IF($K$17>0,$M$17*K27/$K$17," ") | P27: =J27-I27 -> 77585.51 | Q27: =P27*G27 -> 6354253.3 | R27: =L27-K27 -> 5483807.8 | S27: =I27*G27 -> 17408914 | T27: =J27/I27 -> 1.365
B28: 1.15 | C28: 5.02.20 | D28: SUMIDERO TRANSVERSAL (TIPO ST- 2) EN CONCRETO DE 21 Mpa. (3000 PSI). DIMENSIONES: A = 0.7; H < = 1.77 M. (INCLUYE REFUERZO FORMALETA Y REJILLA PLÁSTICA). | E28: Precios Gob | F28: ML | G28: 6.2 | H28: ='APUS GENERAL'!H969 -> 0.05 | I28: ='APUS GENERAL'!I967 -> 1823926.4 | J28: ='APUS GENERAL'!I977 -> 2489659.6 | K28: =ROUND((G28*I28)*(1+H28),2) -> 11873761 | L28: =+ROUND(K28*(1+SUM($E$72:$E$74)),2) -> 15435889 | M28: =IF($K$17>0,$M$17*K28/$K$17," ") | P28: =J28-I28 -> 665733.15 | Q28: =P28*G28 -> 4127545.5 | R28: =L28-K28 -> 3562128.3 | S28: =I28*G28 -> 11308344 | T28: =J28/I28 -> 1.365
B29: 1.16 | C29: 3.12.03 | D29: TRANSPORTE DE MATERIAL DE AFIRMADO Y/O GRANULAR SUELTO (MEDIDO EN BANCO) DESPUÉS DE 5 KM. | E29: Precios Gob | F29: Metro Cubico/Kilometro | G29: ='Memorias '!L678 -> 3744.9 | H29: 0 | I29: ='APUS GENERAL'!I1501 -> 2765.1 | J29: ='APUS GENERAL'!I1511 -> 3594.63 | K29: =ROUND((G29*I29)*(1+H29),2) -> 10355023 | L29: =+ROUND(K29*(1+SUM($E$72:$E$74)),2) -> 13461530 | M29: =IF($K$17>0,$M$17*K29/$K$17," ") | P29: =J29-I29 -> 829.53 | Q29: =P29*G29 -> 3106506.9 | R29: =L29-K29 -> 3106506.9 | S29: =I29*G29 -> 10355023 | T29: =J29/I29 -> 1.3
B30: REDES DE ACUEDUCTO
B31: 1.17 | C31: 4.02.04 | D31: SUMINISTRO E INSTALACIÓN TUBERÍA PN 10 DIAMETRO 63 mm (UNION CADA 100 M) | E31: Precios Gob | F31: ML | G31: ='Memorias '!L603 -> 95 | H31: ='APUS GENERAL'!H1034 -> 0.05 | I31: ='APUS GENERAL'!I1032 -> 20609.2 | J31: ='APUS GENERAL'!I1042 -> 28131.56 | K31: =ROUND((G31*I31)*(1+H31),2) -> 2055767.7 | L31: =+ROUND(K31*(1+SUM($E$72:$E$74)),2)+0.23 -> 2672498.2 | M31: =IF($K$17>0,$M$17*K31/$K$17," ") | P31: =J31-I31 -> 7522.36 | Q31: =P31*G31 -> 714624.2 | R31: =L31-K31 -> 616730.54 | S31: =I31*G31 -> 1957874 | T31: =J31/I31 -> 1.3650001
B32: 1.18 | C32: 4.01.32 | D32: SUMINISTRO E INSTALACIÓN DE ACOMETIDA 2" X 3/4" INCLUYE TUBERÍA PF + UAD 3/4" , REGISTRO DE CORTE, COLLAR DERIVACIÓN Y ACCESORIOS COMPLEMENTARIOS PARA SU CONEXIÓN. INCLUYE CAJA DE INSPECCIÓN Y MEDIDOR VOLUMÉTRICO. | E32: Precios Gob | F32: UND | G32: 10 | H32: ='APUS GENERAL'!H1097 -> 0.05 | I32: ='APUS GENERAL'!I1095 -> 514291.14 | J32: ='APUS GENERAL'!I1105 -> 702007.41 | K32: =ROUND((G32*I32)*(1+H32),2) -> 5400057 | L32: =+ROUND(K32*(1+SUM($E$72:$E$74)),2) -> 7020074.1 | P32: =J32-I32 -> 187716.27 | Q32: =P32*G32 -> 1877162.7 | R32: =L32-K32 -> 1620017.1 | S32: =I32*G32 -> 5142911.4 | T32: =J32/I32 -> 1.365
I33: COSTO DIRECTO GRUPO | K33: =SUM(K14:K32) -> 1.3378614e+08 | M33: =IF($G$63>0,$K$63*K33/$G$63," ") | P33: =K33 -> 1.3378614e+08
I34: A | K34: =ROUND($K$33*E72,2)+0.23+143.84 -> 29433094 | M34: =IF($G$63>0,$K$63*K34/$G$63," ")
I35: I | K35: =ROUND($K$33*E73,2) -> 4013584.1 | M35: =IF($G$63>0,$K$63*K35/$G$63," ")
I36: U | K36: =ROUND($K$33*E74,2) -> 6689306.9 | M36: =IF($G$63>0,$K$63*K36/$G$63," ")
I37: VALOR TOTAL A.I.U | K37: =+ROUND((K34+K35+K36),2) -> 40135985 | M37: =IF($G$63>0,$K$63*K37/$G$63," ")
I38: COSTO DIRECTO + AIU | K38: =+ROUND(K33+K37,2) -> 1.7392212e+08 | L38: =+ROUND(SUM(L14:L32),2) -> 1.7392212e+08 | M38: =IF($G$63>0,$K$63*K38/$G$63," ")
B41: ITEM | C41: ITEM GOBER | D41: DESCRIPCIÓN | E41: FUENTE | F41: UNIDAD | G41: CANT | H41: DIST. | I41: VR UNITARIO | J41: VALOR UNITARIO (INCLUYE FACTOR DE INCREMENTO Y AIU) | K41: VR TOTAL (COSTO DIRECTO) | L41: VR TOTAL (INLCUYE INCREMENTO POR DISTANCIA Y AIU) | M41: %
B42: 2 | C42: CAP. 2: CONSTRUIR ESTRUCTURA DE PAVIMENTO | I42: TIPO: | K42: OBRA PÚBLICA
B43: =+B42+0.1 -> 2.1 | C43: 3.04.03 | D43: CUNETEO, PERFILADO Y COMPACTACION DE LA BANCA EXISTENTE. (TRABAJO PREVIO A PAVIMENTACION) | E43: Precios Gob | F43: Kilometro | G43: ='Memorias '!L717 -> 0.1 | H43: ='APUS GENERAL'!H1144 -> 0 | I43: ='APUS GENERAL'!I1142 -> 1908123 | J43: ='APUS GENERAL'!I1152 -> 2480559.9 | K43: =ROUND((G43*I43)*(1+H43),2) -> 190812.3 | L43: =+ROUND(K43*(1+SUM($E$72:$E$74)),2) -> 248055.99 | M43: =IF($K$17>0,$M$17*K43/$K$17," ") | T43: =J43/I43 -> 1.3
B44: =+B43+0.1 -> 2.2 | C44: 3.04.07 | D44: SUMINISTRO, EXTENDIDA Y COMPACTACIÓN DE MATERIAL SELECCIONADO PARA SUBBASE GRANULAR (INCLUYE ACARREO LIBRE DE 5 KM) | E44: Precios Gob | F44: M3 | G44: ='Memorias '!L755 -> 62.98 | H44: ='APUS GENERAL'!H1213 -> 0 | I44: ='APUS GENERAL'!I1211 -> 144296.14 | J44: ='APUS GENERAL'!I1221 -> 187584.98 | K44: =ROUND((G44*I44)*(1+H44),2) -> 9087770.9 | L44: =+ROUND(K44*(1+SUM($E$72:$E$74)),2) -> 11814102 | M44: =IF($K$17>0,$M$17*K44/$K$17," ") | T44: =J44/I44 -> 1.3
B45: =+B44+0.1 -> 2.3 | C45: 3.05.09 | D45: CONCRETO MR 4.0 MPA NORMAL, TAMAÑO MAXIMO AGREGADO 25MM, RESISTENCIA A 28 DIAS, ASENTAMIENTO 10CM +/- 2.5CM (MR 40 NORMAL). (INCLUYE CORTE Y SELLADO DE JUNTAS). | E45: Precios Gob | F45: M3 | G45: ='Memorias '!L793 -> 65.66 | H45: ='APUS GENERAL'!H1277 -> 0.05 | I45: ='APUS GENERAL'!I1275 -> 1006494.4 | J45: ='APUS GENERAL'!I1285 -> 1373864.9 | K45: =ROUND((G45*I45)*(1+H45),2) -> 69390745 | L45: =+ROUND(K45*(1+SUM($E$72:$E$74)),2) -> 90207969 | M45: =IF($K$17>0,$M$17*K45/$K$17," ") | T45: =J45/I45 -> 1.365
B46: =+B45+0.1 -> 2.4 | C46: 3.10.12 | D46: SUMINISTRO FIGURADO Y ARMADO DE ACERO DE REFUERZO 60000 PSI 420 MPA | E46: Precios Gob | F46: Kg | G46: ='Memorias '!L829 -> 112.44 | H46: ='APUS GENERAL'!H1341 -> 0.05 | I46: ='APUS GENERAL'!I1339 -> 7675.05 | J46: ='APUS GENERAL'!I1349 -> 10476.44 | K46: =ROUND((G46*I46)*(1+H46),2) -> 906131.75 | L46: =+ROUND(K46*(1+SUM($E$72:$E$74)),2) -> 1177971.3 | M46: =IF($K$17>0,$M$17*K46/$K$17," ") | T46: =J46/I46 -> 1.3649996
B47: =+B46+0.1 -> 2.5 | C47: 3.07.05 | D47: SUMINISTRO E INSTALACIÓN ADOQUÍN DE ARCILLA VEHICULAR LIVIANO 10 X 6 X 20 CM (NTC 3289 | E47: Precios Gob | F47: M2 | G47: ='Memorias '!L905 -> 386.26 | H47: ='APUS GENERAL'!H1400 -> 0.05 | I47: ='APUS GENERAL'!I1398 -> 91748.04 | J47: ='APUS GENERAL'!I1408 -> 125236.07 | K47: =ROUND((G47*I47)*(1+H47),2) -> 37210528 | L47: =+ROUND(K47*(1+SUM($E$72:$E$74)),2) -> 48373686
B48: =+B47+0.1 -> 2.6 | C48: 3.08.15 | D48: SUMINISTRO E INSTALACIÓN DE SARDINEL PREFABRICADO A-10 50*20*80 | E48: Precios Gob | F48: ML | G48: ='Memorias '!L905 -> 386.26 | H48: ='APUS GENERAL'!H1459 -> 0.05 | I48: ='APUS GENERAL'!I1457 -> 77304.42 | J48: ='APUS GENERAL'!I1467 -> 105520.53 | K48: =ROUND((G48*I48)*(1+H48),2) -> 31352586 | L48: =+ROUND(K48*(1+SUM($E$72:$E$74)),2) -> 40758361 | M48: =IF($K$17>0,$M$17*K48/$K$17," ")
B49: =+B48+0.1 -> 2.7 | C49: 3.12.03 | D49: TRANSPORTE DE MATERIAL DE AFIRMADO Y/O GRANULAR SUELTO (MEDIDO EN BANCO) DESPUÉS DE 5 KM. | E49: Precios Gob | F49: Metro Cubico/Kilometro | G49: ='Memorias '!L943 -> 1794.86 | H49: 0 | I49: ='APUS GENERAL'!I1504 -> 2765.1 | J49: ='APUS GENERAL'!I1511 -> 3594.63 | K49: =ROUND((G49*I49)*(1+H49),2) -> 4962967.4 | L49: =+ROUND(K49*(1+SUM($E$72:$E$74)),2) -> 6451857.6 | M49: =IF($K$17>0,$M$17*K49/$K$17," ") | T49: =J49/I49 -> 1.3
I50: COSTO DIRECTO GRUPO | K50: =SUM(K43:K49) -> 1.5310154e+08 | M50: =IF($G$63>0,$K$63*K50/$G$63," ") | P50: =K50 -> 1.5310154e+08
I51: =IF(K42<>"OBRA PÚBLICA"," ","A") -> A | K51: =ROUND($K$50*E72,2) -> 33682339 | M51: =IF($G$63>0,$K$63*K51/$G$63," ")
I52: =IF(K42<>"OBRA PÚBLICA"," ","I") -> I | K52: =ROUND($K$50*E73,2) -> 4593046.2 | M52: =IF($G$63>0,$K$63*K52/$G$63," ")
I53: =IF(K42<>"OBRA PÚBLICA"," ","U") -> U | K53: =ROUND($K$50*E74,2) -> 7655077.1 | M53: =IF($G$63>0,$K$63*K53/$G$63," ")
I54: VALOR TOTAL A.I.U | K54: =+ROUND((K51+K52+K53),2) -> 45930462 | M54: =IF($G$63>0,$K$63*K54/$G$63," ")
I55: COSTO DIRECTO + AIU | K55: =ROUND(+K50+K54,2) -> 1.99032e+08 | L55: =+ROUND(SUM(L43:L49),2) -> 1.99032e+08 | M55: =IF($G$63>0,$K$63*K55/$G$63," ")
K59: =+K55+K38 -> 3.7295413e+08 | L59: =+L55+L38 -> 3.7295413e+08
D62: INFORMACIÓN CONSOLIDADA FORMULACIÓN INICIAL
D64: COSTO DIRECTO | G64: =ROUND(SUM(F68),2) -> 2.8688768e+08 | K64: =IF(G81>0,K81*G64/G81," ") -> 0.70695835 | P64: =G64 -> 2.8688768e+08
D66: Bienes
D67: Servicios
D68: Obra Pública | F68: =K33+K50 -> 2.8688768e+08
D70: COSTO INDIRECTO | G70: =ROUND(SUM(I73:I79),2) -> 92254982 | K70: =IF(G81>0,K81*G70/G81," ") -> 0.22733786
D72: Administración | E72: 0.22 | F72: =K34+K51 -> 63115434 | H72: AIU
D73: Imprevistos | E73: 0.03 | F73: =K35+K52 -> 8606630.4 | I73: =+ROUND((F72+F73+F74),2) -> 86066448 | K73: SUBTOTAL COSTO DIRECTO+AIU | L73: =+K55+K38 -> 3.7295413e+08
D74: Utilidad | E74: 0.05 | F74: =K36+K53 -> 14344384
D77: PLAN DE MANEJO DE TRÁFICO ( DISPOSITIVOS, SEÑALIZACION Y EQUIPOS) | F77: Otro Tipo de Gastos Adicionales | I77: =PMT!H7 -> 2640000
D78: PLAN DE ADAPTACIÓN DE LA GUIA AMBIENTAL | F78: Otro Tipo de Gastos Adicionales | I78: ='PRES PAGA'!H75 -> 3548534.3
D79: SEGURIDAD Y SALUD EN EL TRABAJO | F79: Otro Tipo de Gastos Adicionales | I79: 0
D81: SUBTOTAL | G81: =G64+G70 -> 3.7914266e+08 | K81: =IF(G85>0,K85*G81/G85," ") -> 0.93429621
D83: INTERVENTORIA | I83: =INTERVENTORIA!I29 -> 26662969 | K83: =IF(G85>0,K85*I83/G85," ") -> 0.065703793
D85: TOTAL PRESUPUESTO | G85: =SUM(I83+G81) -> 4.0580563e+08 | K85: 1
J93: =L38 -> 1.7392212e+08 | K93: sgp
J94: =G85-J93 -> 2.3188351e+08 | K94: sgr
J95: =J94-I83 -> 2.0522054e+08 | K95: obra
J96: =I83 -> 26662969 | K96: interventoria

Sheet APUS GENERAL
E3: FORMATO | H3: VERSIÓN: 1
H4: CÓDIGO: M-PD-ID-F-001
C5: GOBERNACIÓN DE BOYACÁ - SECRETARÍA DE INFRAESTRUCTURA PÚBLICA | H5: FECHA: 30/abril/2025
C6: ANÁLISIS DE PRECIOS UNITARIOS
C8: No. CAPÍTULO | D8: C A P Í T U L O
C9: 2 | D9: EDIFICACIONES
C10: No. SUB-CAPÍTULO | D10: S U B - C A P Í T U L O
C11: 2.01 | D11: ACTIVIDADES PRELIMINARES
C12: REF. PRECIO GOB. BOYACÁ | D12: DESCRIPCIÓN DE LA ACTIVIDAD | I12: Unidad
C13: 2.01.64
C14: No. ÍTEM PRESUPUESTO | D14: LOCALIZACIÓN Y REPLANTEO DE REDES | I14: ML
C15: =+C13 -> 2.01.64
C17: 1. MATERIAL
C18: Descripción | F18: Unidad | G18: Valor Unitario | H18: Cantidad | I18: Valor parcial
C19: MADERA DURMIENTE ORDINARIO (4 cm. X 4 cm.) | F19: ML | G19: 3026.29 | H19: 0.03 | I19: =ROUND((+IF(C19="","",G19*H19)),2) -> 90.79
C20: PUNTILLA CON Y SIN CABEZA 1 | F20: LB | G20: 5823 | H20: 0.01 | I20: =ROUND((+IF(C20="","",G20*H20)),2) -> 58.23
I21: =+IF(C21="","",G21*H21)
I22: =+IF(C22="","",G22*H22)
I23: =+IF(C23="","",G23*H23)
I24: =+IF(C24="","",G24*H24)
F25: SUBTOTAL MATERIALES | I25: =+ROUND(SUM(I19:I24),2) -> 149.02
C27: 2. EQUIPO
C28: Descripción | F28: Unidad | G28: Vr. Unitario | H28: Cantidad | I28: Valor parcial
C29: HERRAMIENTA Y EQUIPO MENOR (%M.O.) | F29: % | G29: 3506.96 | H29: 0.05 | I29: =+IF(C29="","",G29*H29) -> 175.348
C30: EQUIPO DE TOPOGRAFÍA (ESTACION TOTAL, NIVEL Y ACCESORIOS) | F30: HORA | G30: 18745 | H30: 0.05 | I30: =+IF(C30="","",G30*H30) -> 937.25
I31: =+IF(C31="","",G31*H31)
I32: =+IF(C32="","",G32*H32)
I33: =+IF(C33="","",G33*H33)
F34: SUBTOTAL EQUIPO | I34: =ROUND(+SUM(I29:I33),2) -> 1112.6
C36: 3. MANO DE OBRA
C37: Descripción | F37: Unidad | G37: Vr. Unitario | H37: Cantidad | I37: Valor parcial
C38: CUADRILLA DE ALBAÑILERIA (AA) | F38: HC | G38: 29224.69 | H38: 0.12 | I38: =(+IF(C38="","",(G38*H38))) -> 3506.9628
I40: =(+IF(C40="","",(G40*H40)))
I41: =(+IF(C41="","",(G41*H41)))
F42: SUBTOTAL MANO DE OBRA | I42: =+ROUND(SUM(I38:I41),2) -> 3506.96
C44: COSTO DIRECTO | I44: =ROUND((SUM(+I25+I34+I42)),2) -> 4768.58
C46: INCREMENTO POR DISTANCIA (F.I.D.) | H46: 0 | I46: =ROUND(I44*H46,2) -> 0
C47: TOTAL COSTO DIRECTO + INCREMENTO POR DISTANCIA | I47: =ROUND(I46+I44,2) -> 4768.58
C49: ADMINISTRACIÓN | H49: 0.22 | I49: =ROUND($I$47*H49,2) -> 1049.09
C50: IMPREVISTOS | H50: 0.03 | I50: =ROUND($I$47*H50,2) -> 143.06
C51: UTILIDAD | H51: 0.05 | I51: =ROUND($I$47*H51,2) -> 238.43
C52: TOTAL COSTOS INDIRECTOS | I52: =ROUND(SUM(I49:I51),2) -> 1430.58
C54: TOTAL COSTOS ACTIVIDAD (INCLUYE AIU E INCREMENTO POR DISTANCIA) | I54: =SUM(I47+I52) -> 6199.16
C56: OBSERVACIONES:
F58: =REALIZO
F61: =APROBO
F62: Aprobó
E67: FORMATO | H67: VERSIÓN: 1
H68: CÓDIGO: M-PD-ID-F-001
C69: GOBERNACIÓN DE BOYACÁ - SECRETARÍA DE INFRAESTRUCTURA PÚBLICA | H69: FECHA: 30/abril/2025
C70: ANÁLISIS DE PRECIOS UNITARIOS
C72: No. CAPÍTULO | D72: C A P Í T U L O
C73: 2 | D73: EDIFICACIONES
C74: No. SUB-CAPÍTULO | D74: S U B - C A P Í T U L O
C75: 2.01 | D75: ACTIVIDADES PRELIMINARES
C76: REF. PRECIO GOB. BOYACÁ | D76: DESCRIPCIÓN DE LA ACTIVIDAD | I76: Unidad
C77: 2.01.69
C78: No. ÍTEM PRESUPUESTO | D78: ROTURA DE PAVIMENTO. (INCLUYE RETIRO Y ACARREO LIBRE HASTA 5 KM.) | I78: ='PRESUPUESTO GEN'!F15 -> M2
C79: =+C77 -> 2.01.69
C81: 1. MATERIAL
C82: Descripción | F82: Unidad | G82: Valor Unitario | H82: Cantidad | I82: Valor parcial
C83: DISCO DIAMANTADO ASFALTO-CONCRETO 350mm | F83: UND | G83: 518900 | H83: 0.006 | I83: =ROUND((+IF(C83="","",G83*H83)),2) -> 3113.4
I84: =+IF(C84="","",G84*H84)
F85: SUBTOTAL MATERIALES | I85: =+ROUND(SUM(I83:I84),2) -> 3113.4
C87: 2. EQUIPO
C88: Descripción | F88: Unidad | G88: Vr. Unitario | H88: Cantidad | I88: Valor parcial
C89: HERRAMIENTA Y EQUIPO MENOR (%M.O.) | F89: % | G89: 10228.64 | H89: 0.05 | I89: =+IF(C89="","",G89*H89) -> 511.432
C90: CORTADORA DE PAVIMENTO | F90: HORA | G90: 18416 | H90: 0.5 | I90: =+IF(C90="","",G90*H90) -> 9208
C91: RETROEXCAVADORA (CAPACIDAD 100 HP) | F91: HORA | G91: 154625 | H91: 0.03 | I91: =+IF(C91="","",G91*H91) -> 4638.75
I92: =+IF(C92="","",G92*H92)
F93: SUBTOTAL EQUIPO | I93: =ROUND(+SUM(I89:I92),2) -> 14358.18
C95: 3. MANO DE OBRA
C96: Descripción | F96: Unidad | G96: Vr. Unitario | H96: Cantidad | I96: Valor parcial
C97: CUADRILLA DE ALBAÑILERIA (AA) | F97: HC | G97: 29224.69 | H97: 0.35 | I97: =(+IF(C97="","",(G97*H97))) -> 10228.641
I98: =(+IF(C98="","",(G98*H98)))
F99: SUBTOTAL MANO DE OBRA | I99: =+ROUND(SUM(I97:I98),2) -> 10228.64
C101: 4. TRANSPORTE
C102: Descripción | F102: Unidad | G102: Vr. Unitario | H102: Cantidad | I102: Valor parcial
C103: VOLQUETA | F103: M3-5KM | G103: 10464 | H103: 0.15 | I103: =(+IF(C103="","",(G103*H103))) -> 1569.6
F105: SUBTOTAL TRANSPORTE | I105: =+ROUND(SUM(I103:I104),2) -> 1569.6
C107: COSTO DIRECTO | I107: =ROUND((SUM(+I93+I99+I105+I85)),2) -> 29269.82
C109: INCREMENTO POR DISTANCIA (F.I.D.) | H109: =FID -> 0 | I109: =ROUND(I107*H109,2) -> 0
C110: TOTAL COSTO DIRECTO + INCREMENTO POR DISTANCIA | I110: =ROUND(I109+I107,2) -> 29269.82
C112: ADMINISTRACIÓN | H112: 0.22 | I112: =ROUND($I$110*H112,2) -> 6439.36
C113: IMPREVISTOS | H113: 0.03 | I113: =ROUND($I$110*H113,2) -> 878.09
C114: UTILIDAD | H114: 0.05 | I114: =ROUND($I$110*H114,2) -> 1463.49
C115: TOTAL COSTOS INDIRECTOS | I115: =ROUND(SUM(I112:I114),2) -> 8780.94
C117: TOTAL COSTOS ACTIVIDAD (INCLUYE AIU E INCREMENTO POR DISTANCIA) | I117: =SUM(I110+I115) -> 38050.76
C119: OBSERVACIONES:
F121: =REALIZO
F124: =APROBO
F125: Aprobó
E130: FORMATO | H130: VERSIÓN: 1
H131: CÓDIGO: M-PD-ID-F-001
C132: GOBERNACIÓN DE BOYACÁ - SECRETARÍA DE INFRAESTRUCTURA PÚBLICA | H132: FECHA: 30/abril/2025
C133: ANÁLISIS DE PRECIOS UNITARIOS
C135: No. CAPÍTULO | D135: C A P Í T U L O
C136: 3 | D136: INFRAESTRUCTURA VIAL
C137: No. SUB-CAPÍTULO | D137: S U B - C A P Í T U L O
C138: 3.13 | D138: VARIOS (VÍAS)
...

Sheet Memorias 
E2: FORMATO | Y2: VERSIÓN: 0
Y3: CÓDIGO: E-DE-FP-F-065
B4: PRESUPUESTO PROYECTOS SGR | Y4: FECHA: 22/Ago/2022
B5: MEMORIA DE CANTIDADES DE OBRA
B7: OBRA: | D7: MEJORAMIENTO DE VÍAS URBANAS MEDIANTE LA CONSTRUCCIÓN DE PAVIMENTO EN EL MUNICIPIO DE BETEITIVA, BOYACÁ
C9: MEMORIA DE CALCULO DE CANTIDADES DE OBRA
C10: CAPÍTULO | E10: CAP. 1: PRELIMINARES | AI10: UNIDAD: | AP10: ML
C11: ITEM: | E11: ='PRESUPUESTO GEN'!D14 -> LOCALIZACIÓN Y REPLANTEO DE REDES | AI11: CANTIDAD: | AP11: =L31 -> 84.13
C13: AREA O LUGAR | E13: DIMENSIONES | I13: V. PARCIAL | J13: N° DE ELEMENTOS | K13: UNIDAD | L13: TOTAL | M13: ESQUEMA GRAFICO
E14: LONGITUD | F14: ANCHO | G14: ALTO | H14: PESO
C15: K0+000-0+083,5 | E15: 84.13 | I15: =E15 -> 84.13 | J15: 1 | K15: ML | L15: =I15*J15 -> 84.13
L17: -
C31: Aproxima Resultado a : 2 Decimales | J31: TOTAL | L31: =ROUND(SUM(L15:L30),2) -> 84.13
C34: OBS: RESULTADOS DE DISEÑO GEOMETRICO
B37: ING. WENDY LOREINE RINCON SILVA M.P.
E40: FORMATO | Y40: VERSIÓN: 0
Y41: CÓDIGO: E-DE-FP-F-065
B42: PRESUPUESTO PROYECTOS SGR | Y42: FECHA: 22/Ago/2022
B43: MEMORIA DE CANTIDADES DE OBRA
B45: OBRA: | D45: MEJORAMIENTO DE VÍAS URBANAS MEDIANTE LA CONSTRUCCIÓN DE PAVIMENTO EN EL MUNICIPIO DE BETEITIVA, BOYACÁ
C47: MEMORIA DE CALCULO DE CANTIDADES DE OBRA
C48: CAPÍTULO | E48: CAP. 1: PRELIMINARES | AI48: UNIDAD: | AP48: M2
C49: ITEM: | E49: ='PRESUPUESTO GEN'!$D$15 -> DEMOLICIÓN DE PLACA DE PISO EN CONCRETO DE E = 10 CM. (INCLUYE RETIRO Y ACARREO LIBRE HASTA 5 KM.) | AI49: CANTIDAD: | AP49: =L69 -> 408.93
C51: AREA O LUGAR | E51: DIMENSIONES | I51: V. PARCIAL | J51: N° DE ELEMENTOS | K51: UNIDAD | L51: TOTAL | M51: ESQUEMA GRAFICO
E52: LONGITUD | F52: ANCHO | G52: ALTO | H52: PESO
C53: DEMOLICION PLACA EXISTENTE | E53: 83.97 | F53: 4.87 | I53: =F53*E53 -> 408.9339 | J53: 1 | K53: M2 | L53: =I53*J53 -> 408.9339
C69: Aproxima Resultado a : 2 Decimales | J69: TOTAL | L69: =ROUND(SUM(L53:L68),2) -> 408.93
C72: OBS: RESULTADOS DE DISEÑO GEOMETRICO
B75: ING. WENDY LOREINE RINCON SILVA M.P.
E78: FORMATO | Y78: VERSIÓN: 0
Y79: CÓDIGO: E-DE-FP-F-065
B80: PRESUPUESTO PROYECTOS SGR | Y80: FECHA: 22/Ago/2022
B81: MEMORIA DE CANTIDADES DE OBRA
B83: OBRA: | D83: MEJORAMIENTO DE VÍAS URBANAS MEDIANTE LA CONSTRUCCIÓN DE PAVIMENTO EN EL MUNICIPIO DE BETEITIVA, BOYACÁ
C85: MEMORIA DE CALCULO DE CANTIDADES DE OBRA
C86: CAPÍTULO | E86: CAP. 1: PRELIMINARES | AI86: UNIDAD: | AP86: M3
C87: ITEM: | E87: ='PRESUPUESTO GEN'!D16 -> DEMOLICIÓN OBRAS EN CONCRETO SIMPLE, INCLUYE RETIRO DE SOBRANTES (ACARREO libre 5 Km.) | AI87: CANTIDAD: | AP87: =L107 -> 13.44
C89: AREA O LUGAR | E89: DIMENSIONES | I89: V. PARCIAL | J89: N° DE ELEMENTOS | K89: UNIDAD | L89: TOTAL | M89: ESQUEMA GRAFICO
E90: LONGITUD | F90: ANCHO | G90: ALTO | H90: PESO
C91: DEMOLICION BORDILLOS | E91: =83.97*2 -> 167.94 | F91: 0.2 | G91: 0.4 | I91: =E91*F91*G91 -> 13.4352 | J91: 1 | K91: m3 | L91: =I91*J91 -> 13.4352
C107: Aproxima Resultado a : 2 Decimales | J107: TOTAL | L107: =ROUND(SUM(L91:L106),2) -> 13.44
C110: OBS: RESULTADOS DE DISEÑO GEOMETRICO
B113: ING. WENDY LOREINE RINCON SILVA M.P.
E116: FORMATO | Y116: VERSIÓN: 0
Y117: CÓDIGO: E-DE-FP-F-065
B118: PRESUPUESTO PROYECTOS SGR | Y118: FECHA: 22/Ago/2022
B119: MEMORIA DE CANTIDADES DE OBRA
B121: OBRA: | D121: MEJORAMIENTO DE VÍAS URBANAS MEDIANTE LA CONSTRUCCIÓN DE PAVIMENTO EN EL MUNICIPIO DE BETEITIVA, BOYACÁ
C123: MEMORIA DE CALCULO DE CANTIDADES DE OBRA
C124: CAPÍTULO | E124: CAP. 1: PRELIMINARES | AI124: UNIDAD: | AP124: ML
C125: ITEM: | E125: ='PRESUPUESTO GEN'!D17 -> RETIRO DE TUBERÍA EXISTENTE HASTA 12" | AI125: CANTIDAD: | AP125: =L145 -> 84.13
C127: AREA O LUGAR | E127: DIMENSIONES | I127: V. PARCIAL | J127: N° DE ELEMENTOS | K127: UNIDAD | L127: TOTAL | M127: ESQUEMA GRAFICO
E128: LONGITUD | F128: ANCHO | G128: ALTO | H128: PESO
C129: VOLUMENES DE CORTE | I129: =I15 -> 84.13 | J129: 1 | K129: ML | L129: =I129*J129 -> 84.13
C145: Aproxima Resultado a : 2 Decimales | J145: TOTAL | L145: =ROUND(SUM(L129:L144),2) -> 84.13
C148: OBS: RESULTADOS DE DISEÑO GEOMETRICO
B151: ING. WENDY LOREINE RINCON SILVA M.P.
E154: FORMATO | Y154: VERSIÓN: 0
Y155: CÓDIGO: E-DE-FP-F-065
B156: PRESUPUESTO PROYECTOS SGR | Y156: FECHA: 22/Ago/2022
B157: MEMORIA DE CANTIDADES DE OBRA
B159: OBRA: | D159: MEJORAMIENTO DE VÍAS URBANAS MEDIANTE LA CONSTRUCCIÓN DE PAVIMENTO EN EL MUNICIPIO DE BETEITIVA, BOYACÁ
C161: MEMORIA DE CALCULO DE CANTIDADES DE OBRA
C162: CAPÍTULO | E162: CAP. 2: OBRAS DE DRENAJE | AI162: UNIDAD: | AP162: M3
C163: ITEM: | E163: ='PRESUPUESTO GEN'!D18 -> EXCAVACIÓNES MECANICAS Y CORTES EN MATERIAL COMÚN (INCLUYE ACARREO LIBRE HASTA 5 KM.) | AI163: CANTIDAD: | AP163: =L183 -> 212.59
C165: AREA O LUGAR | E165: DIMENSIONES | I165: V. PARCIAL | J165: N° DE ELEMENTOS | K165: UNIDAD | L165: TOTAL | M165: ESQUEMA GRAFICO
E166: LONGITUD | F166: ANCHO | G166: ALTO | H166: PESO
C167: EXCAVACION TUBERIA 1 | E167: =E53 -> 83.97 | F167: 1 | G167: 1 | I167: =E167*F167*G167 -> 83.97 | J167: 1 | K167: M3 | L167: =I167*J167 -> 83.97
C169: EXCAVACION TUBERIA ACOMETIDAS | E169: =8*3.5 -> 28 | F169: 1 | G169: 0.5 | I169: =E169*F169*G169 -> 14 | J169: 1 | K169: M3 | L169: =I169*J169 -> 14
C171: CAJEO PARA VIA | E171: 83.97 | F171: 4.55 | G171: 0.3 | I171: =E171*F171*G171 -> 114.61905 | J171: 1 | K171: M3 | L171: =I171*J171 -> 114.61905
C183: Aproxima Resultado a : 2 Decimales | J183: TOTAL | L183: =ROUND(SUM(L167:L182),2) -> 212.59
C186: OBS: RESULTADOS DE DISEÑO GEOMETRICO
B189: ING. WENDY LOREINE RINCON SILVA M.P.
E192: FORMATO | Y192: VERSIÓN: 0
Y193: CÓDIGO: E-DE-FP-F-065
B194: PRESUPUESTO PROYECTOS SGR | Y194: FECHA: 22/Ago/2022
B195: MEMORIA DE CANTIDADES DE OBRA
B197: OBRA: | D197: MEJORAMIENTO DE VÍAS URBANAS MEDIANTE LA CONSTRUCCIÓN DE PAVIMENTO EN EL MUNICIPIO DE BETEITIVA, BOYACÁ
C199: MEMORIA DE CALCULO DE CANTIDADES DE OBRA
C200: CAPÍTULO | E200: CAP. 2: OBRAS DE DRENAJE | AI200: UNIDAD: | AP200: UND
C201: ITEM: | E201: ='PRESUPUESTO GEN'!D19 -> CAJAS DE INSPECCIÓN EN LADRILLO DE 0.60 X 0.60 x 0.60 M. (NO INCLUYE TAPA). | AI201: CANTIDAD: | AP201: =L221 -> 8
C203: AREA O LUGAR | E203: DIMENSIONES | I203: V. PARCIAL | J203: N° DE ELEMENTOS | K203: UNIDAD | L203: TOTAL | M203: ESQUEMA GRAFICO
E204: LONGITUD | F204: ANCHO | G204: ALTO | H204: PESO
C205: UNIDADES | J205: 8 | K205: UND | L205: 8
C221: Aproxima Resultado a : 2 Decimales | J221: TOTAL | L221: =ROUND(SUM(L205:L220),2) -> 8
C224: OBS: RESULTADOS DE DISEÑO GEOMETRICO
B227: ING. WENDY LOREINE RINCON SILVA M.P.
E230: FORMATO | Y230: VERSIÓN: 0
Y231: CÓDIGO: E-DE-FP-F-065
B232: PRESUPUESTO PROYECTOS SGR | Y232: FECHA: 22/Ago/2022
B233: MEMORIA DE CANTIDADES DE OBRA
B235: OBRA: | D235: MEJORAMIENTO DE VÍAS URBANAS MEDIANTE LA CONSTRUCCIÓN DE PAVIMENTO EN EL MUNICIPIO DE BETEITIVA, BOYACÁ
C237: MEMORIA DE CALCULO DE CANTIDADES DE OBRA
C238: CAPÍTULO | E238: CAP. 2: OBRAS DE DRENAJE | AI238: UNIDAD: | AP238: M3
C239: ITEM: | E239: ='PRESUPUESTO GEN'!D20 -> CONCRETO SIMPLE DE 21 MPa - (3000 PSI) IMPERMEABILIZADO PARA TAPAS | AI239: CANTIDAD: | AP239: =L259 -> 2.05
C241: AREA O LUGAR | E241: DIMENSIONES | I241: V. PARCIAL | J241: N° DE ELEMENTOS | K241: UNIDAD | L241: TOTAL | M241: ESQUEMA GRAFICO
E242: LONGITUD | F242: ANCHO | G242: ALTO | H242: PESO
C243: PARA CAJAS Y POZOS | E243: 0.6 | F243: 0.6 | G243: 0.1 | I243: =E243*F243*G243 -> 0.036 | J243: 19 | K243: M3 | L243: =I243*J243 -> 0.684
C245: PLACA RECUBRE TUBERIA | E245: 76 | F245: 0.3 | G245: 0.06 | I245: =E245*F245*G245 -> 1.368 | J245: 1 | K245: M3 | L245: =I245*J245 -> 1.368
C259: Aproxima Resultado a : 2 Decimales | J259: TOTAL | L259: =ROUND(SUM(L243:L258),2) -> 2.05
...

Sheet INTERVENTORIA
C3: FORMATO | I3: VERSIÓN: 0
I4: CÓDIGO: E-DE-FP-F-065
A5: PRESUPUESTO PROYECTOS SGR | I5: FECHA: 22/Ago/2022
A6: COMPOSICIÓN DEL PORCENTAJE DE INTERVENTORIA
A8: PROYECTO | B8: MEJORAMIENTO DE VÍAS URBANAS MEDIANTE LA CONSTRUCCIÓN DE PAVIMENTO EN EL MUNICIPIO DE BETEITIVA, BOYACÁ | L8: ='PRESUPUESTO GEN'!P64 -> 2.8688768e+08
H9: DURACIÓN (Meses) | I9: 3
A11: 1. ADMINISTRACIÓN
A13: 1.1. PERSONAL ADMINISTRATIVO
A14: ITEM GOBER | B14: DESCRIPCIÓN | D14: CANT | E14: TIEMPO | F14: PRESTAC. | G14: % DISPONIB | H14: BÁSICO | I14: VALOR TOTAL | J14: %
A15: 5.01.24 | B15: DIRECTOR DE INTERVENTORIA (INCLUYE SALARIO BASE + FACTOR PRESTACIONAL DEL 72.81%) | D15: 1 | E15: 3 | F15: 0.72813333 | G15: 0.1 | H15: =10848129.96/1.7281 -> 6277489.7 | I15: =+H15*(1+F15)*E15*D15*G15 -> 3254501.8 | J15: =I15/I17 -> 0.13369371
A16: 5.01.16 | B16: INGENIERO RESIDENTE (INCLUYE SALARIO BASE + FACTOR PRESTACIONAL DEL 72.81%) | D16: 1 | E16: =+E15 -> 3 | F16: =+F15 -> 0.72813333 | G16: 1 | H16: =7029353.6/1.7281 -> 4067677.6 | I16: =+H16*(1+F16)*E16*D16*G16 -> 21088468 | J16: =I16/I17 -> 0.86630629
A17: TOTAL PERSONAL ADMINISTRATIVO | I17: =ROUND(SUM(I15:I16),2) -> 24342969 | J17: =J16+J15 -> 1
A18: 1.2. EQUIPOS GENERALES, MOVILIZACIÓN E INSTALACIÓN
A19: ITEM | B19: DESCRIPCIÓN | E19: UNID | F19: CANTIDAD | G19: TIEMPO | H19: TARIFA | I19: VALOR TOTAL | J19: %
A20: 1.2.1 | B20: ALQUILER DE EQUIPO DE TOPOGRAFIA (INCLUYE ESTACIÓN TOTAL, NIVELES, JALONES Y ESTACAS) | E20: UND | F20: 1 | G20: 0.1 | H20: 2200000 | I20: =+ROUND(F20*G20*H20,2) -> 220000 | J20: =I20/I22 -> 1
A22: TOTAL EQUIPOS GENERALES, MOVILIZACIÓN E INSTALACIÓN | I22: =ROUND(SUM(I20:I21),2) -> 220000 | J22: =SUM(J20:J21) -> 1
A24: 1.3. GASTOS GENERALES
A25: ITEM | B25: DESCRIPCIÓN | E25: UNID | F25: CANTIDAD | G25: TIEMPO | H25: TARIFA | I25: VALOR TOTAL | J25: %
A26: 1.3.1 | B26: ENSAYOS DE LABORATORIO (VER ANEXO) | E26: UND | F26: 1 | G26: 3 | H26: 700000 | I26: =+ROUND(F26*G26*H26,2) -> 2100000 | J26: =I26/I27 -> 1
A27: TOTAL GASTOS GENERALES | I27: =ROUND(SUM(I26:I26),2) -> 2100000 | J27: =SUM(J26:J26) -> 1
F29: TOTAL INTERVENTORIA | I29: =I27+I22+I17 -> 26662969 | J29: =I29/'PRESUPUESTO GEN'!G85 -> 0.065703793

Sheet AIU
C3: FORMATO | I3: VERSIÓN: 0
I4: CÓDIGO: E-DE-FP-F-065
A5: PRESUPUESTO PROYECTOS SGR | I5: FECHA: 22/Ago/2022
A6: COMPOSICIÓN DEL PORCENTAJE DE AIU
A8: PROYECTO | B8: MEJORAMIENTO DE VÍAS URBANAS MEDIANTE LA CONSTRUCCIÓN DE PAVIMENTO EN EL MUNICIPIO DE BETEITIVA, BOYACÁ | H8: COSTO DIR | I8: =L8 -> 2.8688768e+08 | L8: ='PRESUPUESTO GEN'!P64 -> 2.8688768e+08
H9: DURACIÓN (Meses) | I9: 3
A11: 1. ADMINISTRACIÓN
A13: 1.1. PERSONAL ADMINISTRATIVO
A14: ITEM GOBER | B14: DESCRIPCIÓN | D14: CANT | E14: TIEMPO | F14: PRESTAC. | G14: % DISPONIB | H14: BÁSICO | I14: VALOR TOTAL | J14: %
A15: 5.01.24 | B15: DIRECTOR DE INTERVENTORIA (INCLUYE SALARIO BASE + FACTOR PRESTACIONAL DEL 72.81%) | D15: 1 | E15: 3 | F15: 0.72813333 | G15: 0.3 | H15: =10848129.96/1.7281 -> 6277489.7 | I15: =+H15*(1+F15)*E15*D15*G15 -> 9763505.3 | J15: =IF(I15>0,(I15/I$8),0) -> 0.034032501
A16: 5.01.16 | B16: INGENIERO RESIDENTE (INCLUYE SALARIO BASE + FACTOR PRESTACIONAL DEL 72.81%) | D16: 1 | E16: =+E15 -> 3 | F16: =+F15 -> 0.72813333 | G16: 1 | H16: =7029353.6/1.7281 -> 4067677.6 | I16: =+H16*(1+F16)*E16*D16*G16 -> 21088468 | J16: =IF(I16>0,(I16/I$8),0) -> 0.073507749
A17: TOTAL PERSONAL ADMINISTRATIVO | I17: =SUM(I15:I16) -> 30851973 | J17: =SUM(J15:J16) -> 0.10754025
A18: 1.2. EQUIPOS GENERALES, MOVILIZACIÓN E INSTALACIÓN
A19: ITEM | B19: DESCRIPCIÓN | E19: UNID | F19: CANTIDAD | G19: TIEMPO | H19: TARIFA | I19: VALOR TOTAL | J19: %
A20: 1.2.1 | B20: ALQUILER DE EQUIPO DE TOPOGRAFIA (INCLUYE ESTACIÓN TOTAL, NIVELES, JALONES Y ESTACAS) | E20: UND | F20: 1 | G20: 0.1 | H20: 2200000 | I20: =+ROUND(F20*G20*H20,2) -> 220000 | J20: =IF(I20>0,(I20/I$8),0) -> 0.00076685064
A21: 1.2.2 | B21: ALQUILER DE EQUIPOS DE COMPUTO | E21: UND | F21: 1 | G21: =+G20 -> 0.1 | H21: 2384210 | I21: =+ROUND(F21*G21*H21,2) -> 238421 | J21: =IF(I21>0,(I21/I$8),0) -> 0.00083106044
A23: TOTAL EQUIPOS GENERALES, MOVILIZACIÓN E INSTALACIÓN | I23: =ROUND(SUM(I20:I22),2) -> 458421 | J23: =SUM(J20:J22) -> 0.0015979111
A25: 1.3. GASTOS GENERALES
A26: ITEM | B26: DESCRIPCIÓN | E26: UNID | F26: CANTIDAD | G26: TIEMPO | H26: TARIFA | I26: VALOR TOTAL | J26: %
A27: 1.3.4 | B27: VALLA INFORMATIVA 6X3 METROS SEGÚN RESOLUCIÓN | E27: UND | F27: 1 | G27: 1 | H27: =700000-0.03 -> 699999.97 | I27: =+ROUND(F27*G27*H27,2) -> 699999.97 | J27: =IF(I27>0,(I27/I$8),0) -> 0.0024399792
A28: 1.3.5 | B28: ENSAYOS DE LABORATORIO (VER ANEXO) | E28: UND | F28: 1 | G28: 3 | H28: 700000 | I28: =+ROUND(F28*G28*H28,2) -> 2100000 | J28: =IF(I28>0,(I28/I$8),0) -> 0.0073199379
A29: TOTAL GASTOS GENERALES | I29: =ROUND(SUM(I27:I28),2) -> 2800000 | J29: =SUM(J27:J28) -> 0.0097599171
A31: 1.4. GASTOS LEGALES
A32: ITEM | B32: DESCRIPCION | E32: UNID | F32: CANTIDAD | G32: PORCENTAJE | H32: TARIFA | I32: VALOR TOTAL | J32: %
A33: 1.4.1 | B33: ESTAMPILLA PROCULTURA | E33: 1 | F33: 1 | G33: 0.02 | H33: =+I8 -> 2.8688768e+08 | I33: =+$I$8*G33 -> 5737753.6 | J33: =IF(I33>0,(I33/I$8),0) -> 0.02
A34: 1.4.2 | B34: ESTAMPILLA ADULTO MAYOR | E34: 1 | F34: 1 | G34: 0.04 | H34: =+H33 -> 2.8688768e+08 | I34: =+$I$8*G34 -> 11475507 | J34: =IF(I34>0,(I34/I$8),0) -> 0.04
A35: 1.4.3 | B35: ESTAMPILLA PROJUSTICIA FAMILIAR | E35: 1 | F35: 1 | G35: 0.02 | H35: =+I8 -> 2.8688768e+08 | I35: =+$I$8*G35 -> 5737753.6 | J35: =IF(I35>0,(I35/I$8),0) -> 0.02
A36: 1.4.4 | B36: TASA PRODEPORTE | E36: 1 | F36: 1 | G36: 0.02 | H36: =+H34 -> 2.8688768e+08 | I36: =+$I$8*G36 -> 5737753.6 | J36: =IF(I36>0,(I36/I$8),0) -> 0.02
A37: 1.4.5 | B37: SOBRETASA BOMBERIL | E37: 1 | F37: 1 | G37: 0.0011 | H37: =H36 -> 2.8688768e+08 | I37: =+$I$8*G37 -> 315576.45 | J37: =IF(I37>0,(I37/I$8),0) -> 0.0011
A38: TOTAL GASTOS LEGALES | I38: =ROUND(SUM(I33:I37),2) -> 29004344 | J38: =SUM(J33:J37) -> 0.1011
A40: RESUMEN DE COSTOS - COMPONENTE ADMINISTRACIÓN | H40: COMPOSICIÓN AIU
A41: =+A13 -> 1.1. PERSONAL ADMINISTRATIVO | D41: =+I17 -> 30851973 | F41: =+J17 -> 0.10754025 | H41: Administración | I41: =ROUND(D45,0) -> 63114738 | J41: =F45 -> 0.21999808
A42: =+A18 -> 1.2. EQUIPOS GENERALES, MOVILIZACIÓN E INSTALACIÓN | D42: =+I23 -> 458421 | F42: =+J23 -> 0.0015979111 | H42: Imprevistos | I42: =ROUND(J42*$I$8,0) -> 8606630 | J42: 0.03
A43: =+A25 -> 1.3. GASTOS GENERALES | D43: =+I29 -> 2800000 | F43: =+J29 -> 0.0097599171 | H43: Utilidad | I43: =ROUND(J43*$I$8,0) -> 14344384 | J43: 0.05
A44: =+A31 -> 1.4. GASTOS LEGALES | D44: =+I38 -> 29004344 | F44: =+J38 -> 0.1011 | H44: Iva / Utilidad | J44: 0
B45: TOTAL ADMINISTRACIÓN | D45: =SUM(D41:E44) -> 63114738 | F45: =SUM(F41:F44) -> 0.21999808 | H45: TOTAL A.I.U. | I45: =ROUND(D45+I42+I43,0) -> 86065752 | J45: =SUM(J41:J43) -> 0.29999808 | L45: ='PRESUPUESTO GEN'!I73 -> 86066448

Sheet F PRESTACIONAL
F3: FORMATO | J3: VERSIÓN: 0
J4: CÓDIGO: E-DE-FP-F-065
B5: PRESUPUESTO PROYECTOS SGR | J5: FECHA: 22/Ago/2022
B6: FACTOR PRESTACIONAL
B7: MEJORAMIENTO DE VÍAS URBANAS MEDIANTE LA CONSTRUCCIÓN DE PAVIMENTO EN EL MUNICIPIO DE BETEITIVA, BOYACÁ
C11: LIT | D11: FACTOR | H11: BASE | I11: PARCIAL | J11: VALOR (%)
C13: A. | D13: VALOR BASE | J13: 1
C15: B. | D15: PRESTACIONES SOCIALES | J15: =SUM(I16:I29) -> 0.72813333
D16: B.1. | E16: Cesantías | H16: A/12 | I16: =+$J$13/12 -> 0.083333333
D17: B.2. | E17: Intereses sobre cesantías | H17: A*1% | I17: =$J$13*1% -> 0.01
D18: B.3. | E18: Prima anual | H18: A/12 | I18: =$J$13/12 -> 0.083333333
D19: B.4. | E19: Caja de compensación | H19: A*4% | I19: =$J$13*4% -> 0.04
D20: B.5. | E20: SENA | H20: A*2% | I20: =$J$13*2% -> 0.02
D21: B.6. | E21: ICBF | H21: A*3% | I21: =$J$13*3% -> 0.03
D22: B.7. | E22: Seguridad Social - Salud | H22: A*8,5% | I22: =$J$13*8.5% -> 0.085
D23: B.8. | E23: Seguridad Social - Pensión | H23: A*12% | I23: =$J$13*12% -> 0.12
D24: B.9. | E24: ARP Personal en Obra | H24: A*6,96% | I24: =$J$13*6.96% -> 0.0696
D25: B.10. | E25: ARP Personal en Oficina | H25: A*0,52% | I25: =$J$13*0.52% -> 0.0052
D26: B.11. | E26: Vacaciones | H26: A/24 | I26: =$J$13/24 -> 0.041666667
D27: B.12. | E27: Ausencias justificadas | H27: A* % | I27: =$J$13*1% -> 0.01
D28: B.14. | E28: Indemnizaciones | H28: A* % | I28: =$J$13*1% -> 0.01
D29: B.15. | E29: Dotaciones | H29: A* % | I29: =$J$13*12% -> 0.12
C32: D. | E32: SUBTOTAL | J32: =SUM(J12:J31) -> 1.7281333
D35: FACTOR PRESTACIONAL FINAL | J35: =+J32 -> 1.7281333

Sheet PMT
A1: PRESUPUESTO PLAN DE MANEJO DE TRANSITO PROYECTO: MEJORAMIENTO DE VÍAS URBANAS MEDIANTE LA CONSTRUCCIÓN DE PAVIMENTO EN EL MUNICIPIO DE BETEITIVA, BOYACÁ
A2: ITEM | B2: PERFIL / ACTIVIDAD | C2: FUENTE | D2: UNIDAD | E2: CANT | F2: REND | G2: VR UNITARIO | H2: VR TOTAL
A3: 1 | B3: SERVICIOS
A4: 2.01 | B4: ALQUILER BARRERAS PLÁSTICAS | C4: Cotizac | D4: Unidad | E4: 2 | F4: 3 | G4: 120000 | H4: =G4*E4*F4 -> 720000
A5: 2.01 | B5: ALQUILER PAR RADIOS DE COMUNICACIÓN | C5: Cotizac | D5: Unidad | E5: 2 | F5: 3 | G5: 200000 | H5: =G5*E5*F5 -> 1200000
A6: 2.01 | B6: ALQUILER SEÑAL PREVENTVA INICIO Y FIN DE OBRA | C6: Cotizac | D6: Unidad | E6: 2 | F6: 3 | G6: 120000 | H6: =G6*E6*F6 -> 720000
A7: TOTAL | H7: =SUM(H4:H6) -> 2640000

Sheet PRES PAGA
B2: PRESUPUESTO ASIGNACION PLAN DE MANEJO AMBIENTAL
B3: Proyecto: | C3: MEJORAMIENTO DE VÍAS URBANAS MEDIANTE LA CONSTRUCCIÓN DE PAVIMENTO EN EL MUNICIPIO DE BETEITIVA, BOYACÁ
B4: PROGRAMAS A EJECUTAR:
B5: SUBPROYECTO 1.1: Conformación del grupo de gestión ambiental y social
B6: N° DE ITEM | C6: ACTIVIDAD | D6: UNIDAD | E6: CANT | F6: MES | G6: VR UNITARIO | H6: VR TOTAL
B7: 1 | C7: Profesional ambiental y/o especialista ambiental (Dedicación 50%) | D7: - | E7: - | F7: - | G7: - | H7: Personal para la gestión ambiental y social integrado en el equipo de administración del proyecto, sin costos adicionales asociados a este ítem
B8: 2 | C8: Especialista social (Dedicación 30%) | D8: - | E8: - | F8: - | G8: - | H8: Personal para la gestión ambiental y social integrado en el equipo de administración del proyecto, sin costos adicionales asociados a este ítem
B9: 3 | C9: Elementos de proteccion personal | D9: - | E9: - | F9: - | G9: - | H9: Elementos de Protección Personal (EPP) incluidos en el presupuesto detallado de Seguridad y Salud en el Trabajo (SST).
B10: 4 | C10: Papeleria de oficina | D10: UND | E10: 1 | F10: 3 | G10: 20000 | H10: =+G10*F10*E10 -> 60000
B11: VALOR TORAL DEL SUBPROGRAMA | H11: =+H10 -> 60000
B12: SUBPROYECTO 1.2: Capacitación y concienciación para el personal de obra
B13: N° DE ITEM | C13: ACTIVIDAD | D13: UNIDAD | E13: CANT | G13: VR UNITARIO | H13: VR TOTAL
B14: 6 | C14: Alquiler videobem ( capacitaciones) | D14: UND | E14: 3 | G14: 25000 | H14: =G14*E14 -> 75000
B15: 7 | C15: Alquiler salón ( capacitaciones) Una capacitación por mes | D15: UND | E15: 3 | G15: 30000 | H15: =G15*E15 -> 90000
B16: 8 | C16: Papelería, fotocopias e insumos | D16: UND | E16: 3 | G16: 15000 | H16: =G16*E16 -> 45000
B17: VALOR TORAL DEL SUBPROGRAMA | H17: =+SUM(H14:H16) -> 210000
B18: SUBPROYECTO 1.3: Cumplimiento de requerimientos legales
B19: N° DE ITEM | C19: ACTIVIDAD | D19: UNIDAD | E19: CANT | G19: VR UNITARIO | H19: VR TOTAL
B20: 9 | C20: Papelería y suministros de oficina | D20: UND | E20: 3 | G20: 15000 | H20: =+G20*E20 -> 45000
B21: VALOR TORAL DEL SUBPROGRAMA | H21: =+SUM(H20) -> 45000
B22: SUBPROYECTO 2.1: Manejo integral de materiales de construcción
B23: N° DE ITEM | C23: ACTIVIDAD | D23: UNIDAD | E23: CANT | F23: MES | G23: VR UNITARIO | H23: VR TOTAL
B24: 10 | C24: Almacenamiento y acopios temporales (arriendo de predios estratégicos para almacenamiento) | D24: UND | E24: 1 | F24: 3 | G24: 315000 | H24: =+E24*F24*G24 -> 945000
B25: 11 | C25: Lona verde H=1,5 metros (Cubrimiento) | D25: ML | E25: 20 | F25: 1 | G25: 4100 | H25: =+G25*E25 -> 82000
B26: 12 | C26: Cinta demarcación acopios materiales | D26: UND | E26: 1 | F26: 1 | G26: 50000 | H26: =+G26*E26 -> 50000
B27: 13 | C27: Humectación para días secos carrotanque | D27: TANQUE | E27: 1 | F27: 1 | G27: 250000 | H27: =+G27*E27 -> 250000
B28: VALOR TORAL DEL SUBPROGRAMA | H28: =+SUM(H24:H27) -> 1327000
B29: SUBPROYECTO 2.3: Señalización para el manejo ambiental en frentes de obra y sitios temporales
B30: N° DE ITEM | C30: ACTIVIDAD | D30: UNIDAD | E30: CANT | G30: VR UNITARIO | H30: VR TOTAL
B31: 14 | C31: Cinta de demarcación | D31: ROLLO | E31: 1 | G31: 33290.25 | H31: =ROUND(E31*G31,2) -> 33290.25
B32: 15 | C32: Delineadores tubulares | D32: UND | E32: 1 | G32: 50571.15 | H32: =ROUND(E32*G32,2) -> 50571.15
B33: =+B32+1 -> 16 | C33: Señal NO FUMAR | D33: UND | E33: 1 | G33: 2100 | H33: =ROUND(E33*G33,2) -> 2100
B34: =+B33+1 -> 17 | C34: Señal PROHIBIDO EL PASO | D34: UND | E34: 2 | G34: 2100 | H34: =ROUND(E34*G34,2) -> 4200
B35: =+B34+1 -> 18 | C35: Señal USO DE ELEMENTOS DE PROTECCIÓN PERSONAL EPP | D35: UND | E35: 2 | G35: 2100 | H35: =ROUND(E35*G35,2) -> 4200
B36: =+B35+1 -> 19 | C36: Señal ACOPIO DE MATERIALES | D36: UND | E36: 2 | G36: 2100 | H36: =ROUND(E36*G36,2) -> 4200
B37: =+B36+1 -> 20 | C37: Señal RUTA DE EVACUACIÓN | D37: UND | E37: 2 | G37: 2100 | H37: =ROUND(E37*G37,2) -> 4200
B38: =+B37+1 -> 21 | C38: Señal PUNTOS DE ENCUENTRO | D38: UND | E38: 2 | G38: 2100 | H38: =ROUND(E38*G38,2) -> 4200
B39: =+B38+1 -> 22 | C39: Señal DE SUSTANCIA PELIGROSA | D39: UND | E39: 2 | G39: 2100 | H39: =ROUND(E39*G39,2) -> 4200
B40: VALOR TORAL DEL SUBPROGRAMA | H40: =+SUM(H31:H39) -> 111161.4
B41: SUBPROYECTO 2.4: Manejo integral de los residuos generados en las actividades de construcción y demolición (RCD) y lodos
B42: N° DE ITEM | C42: ACTIVIDAD | D42: UNIDAD | E42: CANT | F42: MES | G42: VR UNITARIO | H42: VR TOTAL
B43: 23 | C43: Manejo integral de los residuos sólidos para el cual se realizara compra de dos puntos ecológicos donde se seleccionara de acuerdo al codigo de colores establecido(tres canecas) uno para cada frente de trabajo. | D43: UND | E43: 3 | G43: 405970.5 | H43: =ROUND(E43*G43,2) -> 1217911.5
B44: VALOR TORAL DEL SUBPROGRAMA | H44: =+SUM(H43:H43) -> 1217911.5
B45: SUBPROYECTO 5.3: Manejo de maquinaria, equipos y vehículos | G45: VR UNITARIO | H45: VR TOTAL
B46: 25 | C46: Este programa no genera costos con cargo al PAGA, ya que los vehículos y demás maquinaria a utilizar en la obra deben contar con certificados técnico mecánico y de gases vigentes; y el mantenimiento de los mismos sera llevado a cabo por terceros.
B47: SUBPROYECTO 6.1: Atenciòn a la comunidad
B48: N° DE ITEM | C48: ACTIVIDAD | D48: UNIDAD | E48: CANT | F48: MES | G48: VR UNITARIO | H48: VR TOTAL
B49: 26 | C49: Buzón de sugerencias | D49: UND | E49: 1 | F49: 1 | G49: 150000 | H49: =ROUND(E49*F49*G49,2) -> 150000
B50: 27 | C50: Formatos para recibir PQRS | D50: UND | E50: 1 | F50: 1 | G50: 16350 | H50: =ROUND(E50*F50*G50,2) -> 16350
B51: VALOR TORAL DEL SUBPROGRAMA | H51: =+SUM(H49:H50) -> 166350
B52: SUBPROYECTO 6.2: Informaciòn y divulgaciòn
B53: N° DE ITEM | C53: ACTIVIDAD | D53: UNIDAD | E53: CANT | F53: MES | G53: VR UNITARIO | H53: VR TOTAL
B54: 28 | C54: Reuniones con la cumunidad | D54: Esta actividad no genera costos con cargo en el PAGA,ya que las actividades planteadas en este proyecto corresponde a las funciones obligaciones del profesiones del grupo socio ambiental.
B55: 29 | C55: valla informativa | D55: La valla informativa hacen parte del prespuesto de administración del proyecto
B56: 30 | C56: Formatos de asistencia | D56: und | E56: 3 | F56: 3 | G56: =+G50 -> 16350 | H56: =ROUND(E56*F56*G56,2) -> 147150
B57: VALOR TORAL DEL SUBPROGRAMA | H57: =+SUM(H56) -> 147150
B58: SUBPROYECTO 6.5: Cultura vial y participaciòn Comunitaria
B59: N° DE ITEM | C59: ACTIVIDAD | D59: UNIDAD | E59: CANT | F59: MES | G59: VR UNITARIO | H59: VR TOTAL
B60: 30 | C60: Capacitaciones sobre cultura vial y participacion comunitaria | D60: Und | E60: - | F60: - | G60: - | H60: Esta actividad no genera costos con cargo en el PAGA,ya que las actividades planteadas en este proyecto corresponde a las funciones obligaciones del profesiones del grupo socio ambiental.
B61: 32 | C61: Formatos de asistencia | D61: Und | E61: 3 | F61: 3 | G61: 19425.435 | H61: =ROUND(E61*F61*G61,2) -> 174828.92
B62: VALOR TORAL DEL SUBPROGRAMA | H62: =+SUM(H61:H61) -> 174828.92
B63: SUBPROYECTO 6.6: Mano de obra contratada con enfoque de género, de derecho y diferencial
B64: N° DE ITEM | C64: ACTIVIDAD | D64: UNIDAD | E64: CANT | F64: MES | G64: VR UNITARIO | H64: VR TOTAL
B65: 33 | C65: Perifoneo informativo | D65: und | E65: 1 | F65: 1 | G65: 21800 | H65: =ROUND(E65*F65*G65,2) -> 21800
B66: 34 | C66: Formatos de asistencia | D66: und | E66: 1 | F66: 1 | G66: 21173.724 | H66: =ROUND(E66*F66*G66,2) -> 21173.72
B67: 35 | C67: Capacitaciones para la contratacion | D67: Esta actividad no genera costos con cargo en el PAGA,ya que las actividades planteadas en este proyecto corresponde a las funciones obligaciones del profesiones del grupo socio ambiental.
B68: VALOR TORAL DEL SUBPROGRAMA | H68: =+SUM(H65:H66) -> 42973.72
B69: SUBPROYECTO 6.15: Inclusiòn Social con perspectiva de genero y de transversalizaciòn
B70: N° DE ITEM | C70: ACTIVIDAD | D70: UNIDAD | E70: CANT | F70: MES | G70: VR UNITARIO | H70: VR TOTAL
B71: 36 | C71: Diseño y elaboración de materiales | D71: - | E71: - | F71: - | G71: - | H71: Esta actividad no genera costos con cargo en el PAGA,ya que las actividades planteadas en este proyecto corresponde a las funciones obligaciones del profesiones del grupo socio ambiental.
B72: 37 | C72: Impresión de guías, folletos y material didáctico | D72: UND | E72: 1 | F72: 1 | G72: 23079.359 | H72: =ROUND(E72*F72*G72,2) -> 23079.36
B73: 38 | C73: Formatos de asistencia | D73: Und | E73: 1 | F73: 1 | G73: 23079.359 | H73: =ROUND(E73*F73*G73,2) -> 23079.36
B74: VALOR TORAL DEL SUBPROGRAMA | H74: =+SUM(H72:H73) -> 46158.72
B75: TOTAL | H75: =+H74+H68+H62+H57+H51+H44+H40+H28+H21+H17+H11 -> 3548534.3
